 Dungeon Crawl Stone Soup version 0.26.0-90-g5fd8617961 (console) character file.

Game seed: 11498134051544982176

1049 om the Grasshopper (level 8, -2/59 (63) HPs)
             Began as a Gnoll Warper on Feb 2, 2021.
             Slain by a wight
             ... wielding a +0 dire flail
              (6 damage)
             ... on level 5 of the Dungeon.
             The game lasted 00:15:04 (8333 turns).

om the Grasshopper (Gnoll Warper)                   Turns: 8333, Time: 00:15:05

HP:   -2/59 (63)    AC:  5    Str: 14    XL:     8   Next: 25%
MP:   5/16          EV: 15    Int: 17    God:
Gold: 284           SH:  5    Dex: 15    Spells: 7/18 levels left

rFire    . . .     SeeInvis .   m - +2 short sword (venom)
rCold    . . .     Faith    .   i - +0 buckler
rNeg     . . .     Spirit   .   b - +1 leather armour
rPois    +         Reflect  .   (no helmet)
rElec    .         Harm     .   (no cloak)
rCorr    .         Rampage  .   g - +0 pair of gloves
Will     +....                  (no boots)
Stlth    ++........             (no amulet)
HPRegen  0.19/turn              n - ring of willpower
MPRegen  0.15/turn              q - ring of poison resistance

@: drained
A: distributed training, fangs 1, strong nose
a: no special abilities


You were on level 5 of the Dungeon.
You visited 1 branch of the dungeon, and saw 6 of its levels.

You collected 284 gold pieces.

Inventory:

Hand Weapons
 a - a +0 hand axe
 m - a +2 short sword of venom (weapon)
Missiles
 e - 5 boomerangs of dispersal (quivered)
Armour
 b - a +1 leather armour (worn)
 g - a +0 pair of gloves (worn)
 i - a +0 buckler (worn)
Jewellery
 n - a ring of willpower (left hand)
 q - a ring of poison resistance (right hand)
 t - an uncursed ring of fire
 y - an uncursed ring of see invisible
Scrolls
 c - 2 scrolls of teleportation
 d - 2 scrolls of blinking
 f - a scroll of fog
 h - a scroll of enchant armour
 x - 2 scrolls of remove curse
Potions
 j - 2 potions of haste
 k - a potion of berserk rage {unknown}
 l - 3 potions of curing
 o - 3 potions of brilliance
 p - a potion of cancellation {unknown}
 r - a potion of might {unknown}
 u - 2 potions of magic
 w - a potion of flight {unknown}
 z - a potion of lignification {unknown}
 A - a potion of ambrosia {unknown}


   Skills:
 + Level 5.6 Fighting
 + Level 3.1 Short Blades
 + Level 3.1 Long Blades
 + Level 5.6 Axes
 + Level 3.1 Maces & Flails
 + Level 3.1 Polearms
 + Level 3.1 Staves
 + Level 3.1 Slings
 + Level 3.1 Bows
 + Level 3.1 Crossbows
 + Level 4.1 Throwing
 + Level 4.1 Armour
 + Level 5.6 Dodging
 + Level 3.1 Stealth
 + Level 3.1 Shields
 + Level 3.1 Unarmed Combat
 + Level 5.9 Spellcasting
 + Level 2.5 Conjurations
 + Level 2.5 Hexes
 + Level 2.5 Summonings
 + Level 2.5 Necromancy
 + Level 6.0 Translocations
 + Level 2.5 Transmutations
 + Level 2.5 Fire Magic
 + Level 2.5 Ice Magic
 + Level 2.5 Air Magic
 + Level 2.5 Earth Magic
 + Level 2.5 Poison Magic
 + Level 3.4 Invocations
 + Level 3.1 Evocations


You had 7 spell levels left.
You knew the following spells:

 Your Spells              Type           Power        Failure   Level
a - Blink                 Tloc           N/A          2%          2
b - Gell's Gravitas       Tloc           12%          4%          3
c - Lesser Beckoning      Tloc           12%          4%          3
d - Teleport Other        Tloc           25%          4%          3

Your spell library contained the following spells:

 Spells                   Type           Power        Failure   Level
 Beastly Appendage        Tmut           26%          6%          1
 Wereblood                Tmut           13%          10%         2
 Passage of Golubria      Tloc           N/A          14%         4
 Spider Form              Tmut/Pois      6%           19%         3
 Ice Form                 Ice/Tmut       13%          52%         4
 Blade Hands              Tmut           6%           86%         5


Dungeon Overview and Level Annotations

Branches:
Dungeon (6/15)
 Temple: D:4-7

Altars:
Fedhas
Nemelex Xobeh

Annotations:
D:4 3 runed translucent doors, kaeus's ghost, amateur GnVM


Innate Abilities, Weirdness & Mutations

Your experience applies equally to all skills.
You have very sharp teeth.
Your uncanny sense of smell can sniff out nearby items.


Message History

* * * LOW HITPOINT WARNING * * *
You closely miss the wight.
The wight is severely damaged.
The wight barely misses you.
You hit the wight but do no damage.
The wight is severely damaged.
You block the wight's attack.
You hit the wight.
The wight is severely damaged.
The wight hits you with a +0 dire flail!
* * * LOW HITPOINT WARNING * * *
You hit the wight but do no damage.
The wight is severely damaged.
You hit the wight but do no damage.
The wight is severely damaged.
The wight misses you.
You completely miss the wight. You bite the wight, but do no damage.
The wight is severely damaged.
The wight hits you with a +0 dire flail.
You die...

.# ###.###..........##.###.##
.########.###.#........##.#....#
.......##.#............##.#.#.##
..........#..###.......##.#.#.#
)......##....# #.......##.....#
.########.#..###.......####.###
.# #.#............# #.# .#
#......##.###### #.# .#
###.##.##.# #.# .# #.##.##.####
#.# .# #....z@....# #.# ##
####..####.######.# ##
#..####.#......# .##
#....##.#.###### ..# ##[#......#
.### #.####.### ...# #......#
##.####### ######## ##.......#
########.# ...# #...#


You could see a wight.

Vanquished Creatures
  2 ogres (D:5)
  An ice beast (D:6)
  Blork the orc (D:5)
  A scorpion (D:6)
  4 wights
  A jelly (D:5)
  An orc wizard (D:5)
  4 orc priests
  A hound (D:4)
  2 bullfrog skeletons
  2 worker ants
  6 adders
  A shadow imp (D:5)
  2 ufetubi
  3 oozes
  An adder skeleton (D:5)
  A worm (D:2)
  2 dart slugs
  4 leopard geckos
  16 orcs
  3 giant cockroaches
  7 goblins
  5 hobgoblins
  15 jackals
  11 kobolds
  A quokka (D:3)
  A ball python (D:2)
  4 bats
  6 frilled lizards
  12 rats
121 creatures vanquished.

Vanquished Creatures (others)
  2 fungi (D:4)
  2 plants (D:4)
4 creatures vanquished.

Grand Total: 125 creatures vanquished

Notes
Turn   | Place    | Note
-------+----------+-------------------------------------------
     0 | D:1      | om the Gnoll Warper began the quest for the Orb.
     0 | D:1      | Reached XP level 1. HP: 20/20 MP: 6/6
   253 | D:1      | Reached XP level 2. HP: 21/26 MP: 7/7
   256 | D:1      | Learned a level 2 spell: Blink
  1216 | D:1      | Reached XP level 3. HP: 31/31 MP: 9/9
  1236 | D:1      | Reached skill level 5 in Spellcasting
  1417 | D:1      | Learned a level 3 spell: Gell's Gravitas
  1421 | D:1      | Learned a level 3 spell: Lesser Beckoning
  1425 | D:1      | Learned a level 3 spell: Teleport Other
  1447 | D:2      | Reached skill level 1 in Invocations
  1527 | D:2      | Found a faded altar of an unknown god.
  1570 | D:2      | Reached skill level 1 in Short Blades
  1570 | D:2      | Reached skill level 1 in Long Blades
  1570 | D:2      | Reached skill level 1 in Maces & Flails
  1570 | D:2      | Reached skill level 1 in Polearms
  1570 | D:2      | Reached skill level 1 in Staves
  1570 | D:2      | Reached skill level 1 in Slings
  1570 | D:2      | Reached skill level 1 in Bows
  1570 | D:2      | Reached skill level 1 in Crossbows
  1570 | D:2      | Reached skill level 1 in Stealth
  1570 | D:2      | Reached skill level 1 in Shields
  1570 | D:2      | Reached skill level 1 in Unarmed Combat
  1570 | D:2      | Reached skill level 1 in Evocations
  1807 | D:2      | Reached XP level 4. HP: 29/38 MP: 11/11
  2421 | D:3      | Reached skill level 1 in Conjurations
  2421 | D:3      | Reached skill level 1 in Hexes
  2421 | D:3      | Reached skill level 1 in Summonings
  2421 | D:3      | Reached skill level 1 in Necromancy
  2421 | D:3      | Reached skill level 1 in Transmutations
  2421 | D:3      | Reached skill level 1 in Fire Magic
  2421 | D:3      | Reached skill level 1 in Ice Magic
  2421 | D:3      | Reached skill level 1 in Air Magic
  2421 | D:3      | Reached skill level 1 in Earth Magic
  2421 | D:3      | Reached skill level 1 in Poison Magic
  3347 | D:3      | Reached XP level 5. HP: 41/43 MP: 2/12
  3819 | D:3      | Reached XP level 6. HP: 20/50 MP: 13/13
  4626 | D:4      | Found a runed translucent gate.
  4626 | D:4      | Found a runed translucent gate.
  4628 | D:4      | Found a runed translucent gate.
  4652 | D:4      | Identified the +5 short sword "Qoiqaaz" {venom, rElec}
  4652 | D:4      | Noticed kaeus's ghost (amateur GnVM)
  4692 | D:4      | Reached skill level 5 in Fighting
  4692 | D:4      | Reached skill level 5 in Axes
  4692 | D:4      | Reached skill level 5 in Dodging
  4865 | D:4      | Found a blossoming altar of Fedhas.
  5205 | D:5      | Entered Level 5 of the Dungeon
  5468 | D:4      | Reached XP level 7. HP: 24/55 MP: 4/15
  6088 | D:5      | Found a sparkling altar of Nemelex Xobeh.
  7196 | D:5      | Noticed Blork the orc
  7207 | D:5      | Killed Blork the orc
  7650 | D:5      | Reached skill level 6 in Translocations
  7650 | D:5      | Reached XP level 8. HP: 22/57 MP: 16/16
  8333 | D:5      | Slain by a wight

Illustrated notes

Levels and vault maps discovered:
D:1:      enne_arrival_octagon_isle, layout_basic
D:2:      layout_basic, chequers_ecumenical_altar_simple
D:3:      minmay_razor_zed, layout_rooms
D:4:      layout_loops_ring, lemuel_doored_altar, gammafunk_ghost_nasty_kobolds,
          serial_park_tiny_pond
D:5:      layout_loops_cross, nemelex_dance_club_becter, uniq_blork_the_orc
D:6:      layout_basic

Skill      XL: |  1  2  3  4  5  6  7  8 |
---------------+-------------------------+-----
Spellcasting   | 5 |  5.9
Invocations    | 1 2 3 |  3.4
Short Blades   | 1 2 3 |  3.1
Long Blades    | 1 2 3 |  3.1
Maces & Flails | 1 2 3 |  3.1
Polearms       | 1 2 3 |  3.1
Staves         | 1 2 3 |  3.1
Slings         | 1 2 3 |  3.1
Bows           | 1 2 3 |  3.1
Crossbows      | 1 2 3 |  3.1
Stealth        | 1 2 3 |  3.1
Shields        | 1 2 3 |  3.1
Unarmed Combat | 1 2 3 |  3.1
Evocations     | 1 2 3 |  3.1
Conjurations   | 1 2 |  2.5
Hexes          | 1 2 |  2.5
Summonings     | 1 2 |  2.5
Necromancy     | 1 2 |  2.5
Transmutations | 1 2 |  2.5
Fire Magic     | 1 2 |  2.5
Ice Magic      | 1 2 |  2.5
Air Magic      | 1 2 |  2.5
Earth Magic    | 1 2 |  2.5
Poison Magic   | 1 2 |  2.5
Throwing       | 3 4 |  4.1
Armour         | 3 4 |  4.1
Fighting       | 5 |  5.6
Axes           | 5 |  5.6
Dodging        | 5 |  5.6
Translocations | 6 |  6.0

Action                   |  1- 3 |  4- 6 |  7- 9 || total
-------------------------+-------+-------+-------++-------
Melee: Hand axe          |    93 |    42 |       ||   135
       Bite              |     5 |    27 |    17 ||    49
       Short sword       |       |   152 |   106 ||   258
       Punch             |       |     1 |       ||     1
 Cast: Blink             |     1 |       |     2 ||     3
       Gell's Gravitas   |       |    25 |    11 ||    36
       Teleport Other    |       |       |     1 ||     1
  Use: Scroll            |       |    12 |     2 ||    14
 Stab: Sleeping          |     2 |       |     1 ||     3
       Distracted        |     1 |       |       ||     1
Armor: Leather armour    |    20 |    36 |     7 ||    63
Dodge: Dodged            |    68 |   144 |    55 ||   267
Block: Buckler           |       |       |     5 ||     5
